 Dungeon Crawl Stone Soup version 0.20.1-1-g8b1a95d (webtiles) character file.

141 Fisto the Cutter (level 5, 0/52 HPs)
             Began as a Halfling Skald on Nov 9, 2017.
             Was a Follower of Trog.
             Slain by Natasha (5 damage)
             ... on level 4 of the Dungeon.
             The game lasted 00:20:01 (3932 turns).

Fisto the Cutter (Halfling Skald)                   Turns: 3932, Time: 00:20:01

Health: 0/52       AC: 22    Str: 12    XL:     5   Next: 48%
Magic:  7/7        EV:  3    Int: 11    God:    Trog [*.....]
Gold:   249        SH:  0    Dex: 15    Spells: 6/7 levels left

rFire    . . .     SeeInvis .   t - +0 mace (holy)
rCold    . . .     Gourm    .   (shield restricted)
rNeg     + + +     Faith    .   (armour currently unavailable)
rPois    +         Spirit   .   (helmet currently unavailable)
rElec    .         Reflect  .   (cloak currently unavailable)
rCorr    .         Harm     .   (gloves currently unavailable)
MR       .....     NoTele   +   (boots currently unavailable)
Stlth    +.........             (no amulet)
Regen    0.2/turn               v - ring of positive energy
MPRegen  0.1/turn               (no ring)

@: tree-form, slowed, very slow
A: mutation resistance 1
a: Berserk, Burn Spellbooks, Renounce Religion


You were on level 4 of the Dungeon.
You worshipped Trog.
Trog was aware of your devotion.
You were hungry.
You were a tree.
You visited 1 branch of the dungeon, and saw 4 of its levels.

You collected 249 gold pieces.

Inventory:

Hand Weapons
 a - a +0 short sword
 c - a +0 dagger of venom
 h - a +2 whip of electrocution
 t - a +0 mace of holy wrath (weapon)
Missiles
 l - 80 stones (quivered)
Armour
 f - a +1 ring mail (melded)
Jewellery
 v - a ring of positive energy (left branch)
Scrolls
 k - a scroll of remove curse
 m - a scroll of enchant weapon {unknown}
 n - a scroll of teleportation {unknown}
 q - a scroll of magic mapping {unknown}
 s - a scroll of recharging {unknown}
Potions
 e - a potion of flight {unknown}
 g - a potion of invisibility {unknown}
 o - 2 potions of cancellation
 p - a potion of lignification
 u - a potion of heal wounds {unknown}
Comestibles
 b - 2 royal jellies
 d - a bread ration
 i - 2 chunks of flesh


   Skills:
 + Level 2.4 Fighting
 + Level 4.4 Short Blades
 + Level 2.1 Armour
 + Level 2.7 Dodging
 + Level 0.2 Stealth
 - Level 1.6 Spellcasting
 - Level 3.8 Charms


You had 6 spell levels left.
You knew the following spells:

 Your Spells              Type           Power        Failure   Level  Hunger
a - Infusion              Chrm           #...         6%          1    ##.....


Dungeon Overview and Level Annotations

Branches:
Dungeon (4/15)
 Temple: D:4-7

Altars:
Qazlal
Trog
Yredelemnul
Zin

Annotations:
D:4 Natasha


Innate Abilities, Weirdness & Mutations

You are small and have problems with some larger weapons.
You are somewhat resistant to further mutation.


Message History

Natasha is severely wounded.
Natasha claws you but does no damage.
You barely miss Natasha.
Natasha is severely wounded.
Natasha claws you but does no damage.
Natasha stares at you and mumbles some strange words.
You feel yourself slow down.
You closely miss Natasha.
Natasha is severely wounded.
Natasha claws you but does no damage. x2
You closely miss Natasha.
Natasha is severely wounded.
Natasha claws you but does no damage. Natasha claws you.
* * * LOW HITPOINT WARNING * * *
You closely miss Natasha.
Natasha is severely wounded.
Natasha casts a spell at you.
You feel as though you will be slow longer.
Natasha claws you.
You die...

##### #...# ###...#
###.....# ##...#...#
#........# ###
...###...# ###..#
...#
#...#######♣...#
...#
#.#.......h...##
...###)#...<......##
....^..#.........##
..(##............#
##...............#
##.....(..##..####
.............##
........#...##


You could see Natasha.

Vanquished Creatures
  Natasha (D:4)
  5 adders
  An ooze (D:1)
  3 worms
  A dart slug (D:2)
  3 leopard geckos
  An orc (D:3)
  A giant cockroach (D:2)
  7 goblins
  3 hobgoblins
  8 jackals
  A quokka (D:3)
  A ball python (D:2)
  6 bats
  2 frilled lizards
  6 kobolds
  6 rats
56 creatures vanquished.

Notes
Turn   | Place    | Note
-------+----------+-------------------------------------------
     0 | D:1      | Fisto the Halfling Skald began the quest for the Orb.
     0 | D:1      | Reached XP level 1. HP: 14/14 MP: 3/3
   406 | D:1      | Reached XP level 2. HP: 17/19 MP: 2/4
   841 | D:1      | Reached XP level 3. HP: 22/24 MP: 5/5
  1025 | D:2      | Reached skill level 3 in Short Blades
  1218 | D:2      | Reached XP level 4. HP: 21/29 MP: 0/6
  2850 | D:3      | Reached skill level 4 in Short Blades
  2850 | D:3      | Reached XP level 5. HP: 35/35 MP: 3/7
  2945 | D:3      | Found a faded altar of an unknown god.
  3026 | D:3      | Became a worshipper of Trog the Wrathful
  3026 | D:3      | Reached * piety under Trog
  3601 | D:3      | Found a glowing silver altar of Zin.
  3601 | D:3      | Found a basalt altar of Yredelemnul.
  3603 | D:3      | Found a stormy altar of Qazlal.
  3775 | D:4      | Noticed Natasha
  3793 | D:4      | Killed Natasha
  3899 | D:4      | Noticed Natasha
  3932 | D:4      | Slain by Natasha

Skill      XL: |  1  2  3  4  5 |
---------------+----------------+-----
Fighting       | 2 |  2.4
Short Blades   | 3 4 |  4.4
Armour         | 2 |  2.1
Dodging        | |  2.7
Stealth        | |  0.2
Spellcasting   | |  1.6
Charms         | |  3.8

Action                   |  1- 3 |  4- 6 || total
-------------------------+-------+-------++-------
Melee: Short sword       |   107 |   112 ||   219
       Mace              |       |    64 ||    64
 Cast: Infusion          |     3 |     3 ||     6
Invok: Burn Spellbooks   |       |     1 ||     1
  Use: Scroll            |       |     5 ||     5
       Potion            |       |     1 ||     1
  Eat: Chunk             |     1 |     4 ||     5
       Bread ration      |       |     1 ||     1
Armor: Ring mail         |    26 |    44 ||    70
       Skin              |       |    28 ||    28
Dodge: Dodged            |    70 |   122 ||   192
